 Dungeon Crawl Stone Soup version 0.28-a0-519-gbfeecf2fc5 (webtiles) character file.

Game seed: 5084092910258028383

2471 wakim the Basher (level 9, -6/68 HPs)
             Began as a Palentonga Fighter on Sept 24, 2021.
             Was a Follower of Hepliaklqana.
             Mangled by an orc warrior (17 damage)
             ... on level 6 of the Dungeon.
             The game lasted 00:16:28 (7466 turns).

wakim the Basher (Palentonga Fighter)               Turns: 7466, Time: 00:16:28

Health: -6/68      AC: 17    Str: 20    XL:     9   Next: 26%
Magic:  9/9        EV:  7    Int:  9    God:    Hepliaklqana [*.....]
Gold:   349        SH:  4    Dex: 12    Spells: 8/8 levels left

rFire   . . .      SeeInvis +   a - +0 flail
rCold   . . .      Faith    .   c - +0 buckler
rNeg    . . .      Spirit   .   e - +1 scale mail {rPois}
rPois   +          Reflect  .   k - +1 helmet
rElec   .          Harm     .   (no cloak)
rCorr   .          Rampage  .   (no gloves)
Will    .....                   (no barding)
Stlth   ..........              j - amulet of magic regeneration
HPRegen 0.21/turn               (no ring)
MPRegen 0.36/turn               (no ring)

@: curled up
A: reduced essence, large, rugged brown scales 3, see invisible, deformed body,
roll 1, armoured tail, reflexive curl
a: Rolling Charge, Renounce Religion, Recall Ancestor, Ancestor Identity


You were on level 6 of the Dungeon.
You worshipped Hepliaklqana.
Hepliaklqana was aware of your devotion.
You visited 1 branch of the dungeon, and saw 6 of its levels.

You collected 349 gold pieces.

Inventory:

Hand Weapons
 a - a +0 flail (weapon)
Armour
 c - a +0 buckler (worn)
 e - a +1 scale mail of poison resistance (worn)
 k - a +1 helmet (worn)
Jewellery
 j - an amulet of magic regeneration (around neck)
 p - a ring of fire
Wands
 t - a wand of digging (4)
 w - a wand of acid (3)
Scrolls
 b - a scroll of amnesia {unknown}
 f - 2 scrolls of blinking {unknown}
 g - a scroll of summoning {unknown}
 h - 3 scrolls of enchant armour {unknown}
 i - a scroll of magic mapping {unknown}
 m - a scroll of vulnerability {unknown}
 n - a scroll of fear {unknown}
Potions
 B - a potion of attraction {!q}
 D - a potion of brilliance
 F - 2 potions of curing
 G - a potion of flight
 J - 2 potions of heal wounds
 K - 3 potions of magic
 L - a potion of lignification {!q}
 N - a potion of might
 O - a potion of resistance
Miscellaneous
 l - a condenser vane


   Skills:
 + Level 6.4 Fighting
 * Level 8.4 Maces & Flails
 + Level 5.3 Armour
 - Level 2.4 Shields
 + Level 4.2 Evocations


You had 8 spell levels left.
You didn't know any spells.
Your spell library contained the following spells:

 Spells                   Type           Power      Damage    Failure   Level
 Static Discharge         Conj/Air       0%         N/A       86%         2
 Lightning Bolt           Conj/Air       0%         1d11      100%        5
 Maxwell's Capacitive Co  Air            0%         ∞         100%        8


Dungeon Overview and Level Annotations

Branches:
Dungeon (6/15)
 Temple: D:4-7

Altars:
Hepliaklqana
Xom


Innate Abilities, Weirdness & Mutations

Your life essence is reduced to manifest your ancestor. (-10% HP)
You are completely covered in rugged brown scales. (AC +3, +7% HP)
You have supernaturally acute eyesight. (SInv)
Armour fits poorly on your strangely shaped body.
You can roll at nearby foes to attack.
You have a long armoured tail.
You curl defensively after being hit.


Message History

You barely miss the orc priest. You tail-slap the orc priest.
The orc priest is heavily wounded.
An orc warrior comes into view. It is wielding a +0 long sword.
You block the orc priest's attack.
An orc wizard comes into view. It is wielding a +0 dagger.
The orc warrior shouts!
You sock the orc priest!
You kill the orc priest!
The orc warrior hits you with a +0 long sword.
You hit the orc warrior.
The orc warrior is moderately wounded.
The orc warrior hits you with a +0 long sword!
You barely miss the orc warrior.
The orc warrior is moderately wounded.
Belessunu closely misses the orc warrior.
An orc warrior opens the door.
You closely miss the orc warrior.
The orc warrior is moderately wounded.
Belessunu misses the orc warrior.
The orc warrior barely misses Belessunu.
You closely miss the orc warrior.
Your tail-slap misses the orc warrior.
The orc warrior is moderately wounded.
Belessunu hits the orc warrior but does no damage.
The orc wizard gestures at you while chanting.
The magic dart hits you!
The orc warrior hits you with a +0 long sword!
* * * LOW HITPOINT WARNING * * *
You closely miss the orc warrior.
You tail-slap the orc warrior, but do no damage.
The orc warrior is moderately wounded.
Belessunu completely misses the orc warrior.
The orc warrior hits you with a +0 long sword!
* * * LOW HITPOINT WARNING * * *
The orc wizard gestures at you while chanting.
The magic dart hits Belessunu.
You barely miss the orc warrior.
The orc warrior is moderately wounded.
Belessunu hits the orc wizard.
The orc warrior hits you with a +0 long sword!
You die...

##.#.# .#
....##.# #
#......# #.
......
#.##....
......
#.#o#####
#)oR@...#
#.###.###.#
#.........#
#####.#
#<...#
######


You could see the friendly Belessunu the ancestor, an orc warrior and an orc
wizard (ally target).

Vanquished Creatures
  An unseen horror (D:6)
  Grinder (D:6)
  A yak (D:6)
  A steam dragon (D:6)
  A water moccasin (D:6)
  2 necrophages
  A black bear (D:2)
  4 ogres
  A centaur (D:6)
  A phantom (D:6)
  A bullfrog (D:5)
  A scorpion (D:6)
  2 orc priests
  2 hounds
  2 bullfrog skeletons
  A centaur skeleton (D:5)
  An iguana (D:5)
  2 orc wizards
  A killer bee zombie (D:6)
  Robin (D:3)
  4 gnolls (D:3)
  4 adders
  4 white imps
  An ufetubus (D:6)
  2 dart slugs
  A worm (D:3)
  12 orcs
  11 bats
  7 endoplasms
  3 giant cockroaches
  13 goblins
  11 hobgoblins
  4 jackals
  3 quokkas
  5 ball pythons
  6 frilled lizards
  6 kobolds
  2 rats (D:1)
127 creatures vanquished.

Vanquished Creatures (collateral kills)
  An ice beast (D:6)
  A phantom (D:6)
  A bullfrog (D:6)
  A shadow imp (D:6)
  An orc (D:6)
5 creatures vanquished.

Vanquished Creatures (others)
  5 ancestors (D:6)
5 creatures vanquished.

Grand Total: 137 creatures vanquished

Notes
Turn   | Place    | Note
-------+----------+-------------------------------------------
     0 | D:1      | wakim the Palentonga Fighter began the quest for the Orb.
     0 | D:1      | Reached XP level 1. HP: 19/19 MP: 1/1
    41 | D:1      | Reached XP level 2. HP: 16/25 MP: 2/2
   220 | D:1      | Found a faded altar of an unknown god.
   727 | D:2      | Noticed a black bear
   740 | D:1      | Reached XP level 3. HP: 21/31 MP: 3/3
   943 | D:2      | Reached skill level 3 in Maces & Flails
  1060 | D:2      | Killed a black bear
  1061 | D:2      | Reached XP level 4. HP: 29/39 MP: 4/4
  1177 | D:2      | Reached XP level 5. HP: 44/44 MP: 5/5
  1512 | D:2      | Reached skill level 4 in Maces & Flails
  2029 | D:3      | Noticed Robin
  2379 | D:3      | Killed Robin
  2639 | D:4      | Reached XP level 6. HP: 51/51 MP: 6/6
  2815 | D:4      | Found a hazy altar of Hepliaklqana.
  2816 | D:4      | Found a shimmering altar of Xom.
  2817 | D:4      | Noticed a spectral ugly thing
  2820 | D:4      | Became a worshipper of Hepliaklqana the Forgotten
  3174 | D:5      | Entered Level 5 of the Dungeon
  3391 | D:5      | Reached skill level 5 in Maces & Flails
  3539 | D:5      | Reached skill level 1 in Evocations
  3707 | D:5      | Gained mutation: You curl defensively after being hit.
                  | [Palentonga growth]
  3707 | D:5      | Reached XP level 7. HP: 51/58 MP: 7/7
  3808 | D:5      | Reached * piety under Hepliaklqana
  4122 | D:5      | Reached skill level 6 in Maces & Flails
  4190 | D:5      | Reached skill level 5 in Fighting
  5265 | D:6      | Noticed Grinder
  5266 | D:6      | Paralysed by Grinder for 3 turns
  5280 | D:6      | Killed Grinder
  5281 | D:6      | Reached XP level 8. HP: 35/61 MP: 8/8
  5794 | D:6      | Reached skill level 7 in Maces & Flails
  6203 | D:6      | Noticed an unseen horror
  6209 | D:6      | Killed an unseen horror
  6209 | D:6      | Noticed a troll
  6210 | D:6      | Reached skill level 5 in Armour
  6474 | D:6      | Reached skill level 8 in Maces & Flails
  6474 | D:6      | Reached XP level 9. HP: 66/66 MP: 9/9
  7466 | D:6      | Mangled by an orc warrior

Illustrated notes

Levels and vault maps discovered:
D:1:      amcnicky_arrival_underground_garden, layout_rooms,
          hellmonk_ecumenical_altar_dog_temple
D:2:      layout_loops_ring, hangedman_glass_teeth
D:3:      layout_basic, corexii_item_surrounded_by_moat,
          hangedman_abyss_or_decor_stabs, hangedman_decor_riveting, uniq_robin
D:4:      layout_basic, regret_index_temple_of_mockery
D:5:      layout_layer_cave
D:6:      kennysheep_windowed_halls, layout_basic, jmf_multi_god_temple,
          temple_fountains, uniq_grinder

Skill      XL: |  1  2  3  4  5  6  7  8  9 |
---------------+----------------------------+-----
Maces & Flails | 3 4 5 6 8 |  8.4
Armour         | 3 4 5 |  5.3
Fighting       | 4 5 6 |  6.4
Evocations     | 1 2 3 4 |  4.2
Shields        | |  2.4

Action                   |  1- 3 |  4- 6 |  7- 9 || total
-------------------------+-------+-------+-------++-------
Melee: Flail             |    86 |   166 |   155 ||   407
       Tailslap          |     5 |    20 |    27 ||    52
Invok: Recall Ancestor   |       |       |     3 ||     3
       Ancestor Identity |       |       |     1 ||     1
 Abil: Rolling Charge    |    27 |    42 |    22 ||    91
Evoke: Wand              |       |       |     2 ||     2
  Use: Scroll            |       |     6 |     3 ||     9
 Stab: Distracted        |       |       |     2 ||     2
Armor: Scale mail        |    43 |    85 |    82 ||   210
Dodge: Dodged            |    23 |    60 |    40 ||   123
Block: Buckler           |    11 |    30 |    20 ||    61

Table legend: (Time is in decaauts)
 A = Elapsed time spent in this place.
 B = Non-inter-level travel time spent in this place.
 C = Inter-level travel time spent in this place.
 D = Time resting spent in this place.
 E = Time spent auto-exploring this place.
 F = Levels seen in this place.
 G = Mean time per level.
                   A        B        C        D        E       F      G
               +--------+--------+--------+--------+--------+-----+--------+
         Total |   7537 |   7106 |    431 |   1217 |   4352 |   6 | 1256.2 |
       Dungeon |   7537 |   7106 |    431 |   1217 |   4352 |   6 | 1256.2 |
               +--------+--------+--------+--------+--------+-----+--------+

Top non-repeatable levels by time:
     D:5: 2413 daAuts
     D:6: 1606 daAuts
     D:4: 1023 daAuts
     D:2: 938 daAuts
     D:1: 844 daAuts
     D:3: 711 daAuts
